 Dungeon Crawl Stone Soup version 0.31.0-12-g77e489cdc1 (webtiles) character file.

Game seed: 6651204141087784293

126414 FifthPillar the Metamorph (level 16, -6/117 HPs)
             Began as a Vine Stalker Brigand on Feb 24, 2024.
             Was the Champion of Cheibriados.
             Mangled by a culicivora (12 damage)
             ... on level 2 of the Lair of Beasts.
             The game lasted 00:40:11 (21390 turns).

FifthPillar the Metamorph (Vine Stalker Brigand)   Turns: 21390, Time: 00:40:12

Health: -6/117     AC: 38    Str: 31    XL:     16   Next: 98%
Magic:  0/24       EV: 26    Int: 26    God:    Cheibriados [******]
Gold:   1333       SH:  0    Dex: 37    Spells: 15/15 levels left

rFire   . .          .
                       - Unarmed
rCold   . . .        (no shield)
rNeg    + . .        n - melded +1 ring mail "Keumelat" {Str+3}
rPois   ∞            (no helmet)
rElec   +            c - +2 cloak
rCorr   .            z - melded +2 pair of gloves
SInv    .            q - melded +1 pair of boots
Will    ++...        (no amulet)
Stlth   ++           T - +4 ring of protection
HPRegen 1.19/turn    t - +4 ring of protection
MPRegen 0.19/turn

%: guardian spirit
@: on fire, statue-form, glowing, very slow
A: slow and powerful, torment resistance 1, boosted hp, fangs 3, regeneration 1,
magic shield, antimagic bite, no potion heal 2
a: Begin Untransformation, Renounce Religion, Bend Time, Temporal Distortion,
Slouch, Step From Time


You were on level 2 of the Lair of Beasts.
You worshipped Cheibriados.
Cheibriados was exalted by your worship.
You were a living statue of rough stone.
You visited 5 branches of the dungeon, and saw 24 of its levels.
You also visited: Bailey and Ice Cave.

You collected 2275 gold pieces.
You spent 942 gold pieces at shops.


Innate Abilities, Weirdness & Mutations

You are a living statue of rough stone.
Your actions are slow, but your melee attacks are powerful.
You are resistant to unholy torment.
Your maximum health is greatly increased.
Your equipment is partially melded.
You are immune to poison.
You have razor-sharp teeth.
Your natural rate of healing is unusually fast.
When hurt, damage is shared between your health and your magic reserves.
Your bite disrupts and absorbs the magic of your enemies.
Potions cannot restore your health.


   Skills:
 + Level 12.9 Fighting
 - Level 2.0 Short Blades
 - Level 2.0 Throwing
 + Level 10.1 Dodging
 - Level 5.0 Stealth
 + Level 13.1 Unarmed Combat
 + Level 9.7 Invocations
 - Level 4.0 Evocations
 - Level 16.0 Shapeshifting


You had 15 spell levels left.
You didn't know any spells.
Your spell library contained the following spells:

 Spells                   Type           Power      Damage    Failure   Level
 Sting                    Conj/Alch      0%         1d3       13%         1
 Blink                    Tloc           0%         N/A       19%         2
 Ensorcelled Hibernation  Hex/Ice        0%         N/A       19%         2
 Lesser Beckoning         Tloc           0%         N/A       19%         2
 Mercury Vapours          Alch/Air       0%         N/A       19%         2
 Momentum Strike          Conj/Tloc      0%         3d8       19%         2
 Fugue of the Fallen      Necr           0%         N/A       36%         3
 Gell's Gravitas          Tloc           0%         N/A       36%         3
 Mephitic Cloud           Conj/Alch/Air  0%         N/A       36%         3
 Ozocubu's Armour         Ice            0%         N/A       36%         3
 Stone Arrow              Conj/Erth      0%         3d7       36%         3
 Teleport Other           Tloc           0%         N/A       36%         3
 Anguish                  Hex/Necr       0%         N/A       77%         4
 Animate Dead             Necr           0%         N/A       77%         4
 Flame Wave               Conj/Fire      0%         2d4       77%         4
 Leda's Liquefaction      Alch/Erth      0%         N/A       77%         4
 Manifold Assault         Tloc           0%         N/A       77%         4
 Olgreb's Toxic Radiance  Alch           0%         N/A       77%         4
 Vhi's Electric Charge    Tloc/Air       0%         N/A       77%         4
 Alistair's Intoxication  Alch           0%         N/A       98%         5
 Borgnjor's Vile Clutch   Necr/Erth      0%         N/A       98%         5
 Fireball                 Conj/Fire      0%         3d3       98%         5
 Lee's Rapid Deconstruct  Erth           0%         3d4*      98%         5
 Summon Forest            Summ/Tloc      0%         N/A       98%         5
 Bombard                  Conj/Erth      0%         9d1       100%        6
 Death Channel            Necr           0%         N/A       100%        6
 Haunt                    Necr/Summ      0%         N/A       100%        7
 Borgnjor's Revivificati  Necr           0%         N/A       100%        8
 Death's Door             Necr           0%         N/A       100%        9

Inventory:

Missiles
 d - 48 poisoned darts
 e - 10 curare-tipped darts (quivered) {=f}
 k - 10 atropa-tipped darts
 I - 4 darts of dispersal {=f}
Armour
 c - a +2 cloak (worn)
 n - the +1 ring mail "Keumelat" (melded) {Str+3}
   (You found it on level 2 of the Dungeon)

   Str+3:     It affects your strength (+3).
 q - a +1 pair of boots (melded)
 z - a +2 pair of gloves (melded)
Jewellery
 t - a +4 ring of protection (right fist)
 C - a ring of protection from cold
 F - a ring of protection from fire
 L - a ring of flight
 N - a ring of positive energy
 T - a +4 ring of protection (left fist)
 W - a ring of willpower
Talismans
 v - a granite talisman (active)
 X - the blade talisman of Pejipenk {rN+ SInv Stlth-}
   (You found it on level 1 of the Lair of Beasts)

   [blade talisman]

   rN+:       It protects you from negative energy.
   SInv:      It lets you see invisible.
   Stlth-:    It makes you less stealthy.
Wands
 a - a wand of iceblast (9)
 h - a wand of mindburst (14)
 w - a wand of digging (15)
 H - a wand of acid (14)
 O - a wand of flame (37)
 R - a wand of charming (24)
Scrolls
 b - 3 scrolls of fear
 g - 8 scrolls of teleportation {@r2}
 m - 4 scrolls of revelation
 u - 2 scrolls of identify {@r1}
 x - 5 scrolls of fog
 y - 3 scrolls of summoning
 B - 6 scrolls of immolation
 G - 3 scrolls of noise
 V - 7 scrolls of poison
Potions
 f - 5 potions of cancellation
 i - 4 potions of attraction
 l - 5 potions of brilliance
 o - 6 potions of mutation
 p - 10 potions of curing {@q1}
 r - 2 potions of resistance
 s - 2 potions of berserk rage {!q}
 D - 3 potions of might
 E - a potion of invisibility
 J - a potion of lignification
 K - a potion of enlightenment
 M - 5 potions of ambrosia
 S - 3 potions of magic
Miscellaneous
 Z - a sack of spiders

Dungeon Overview and Level Annotations

Branches:
Dungeon (15/15)            Temple (1/1) D:4            Lair (5/5) D:10
 Shoals (0/4) Lair:3       Spider (1/4) Lair:2        Slime (0/5) Lair:5
    Orc (2/2) D:11            Elf (0/3) Orc:2        Vaults (0/5) D:13
 Depths (0/4) D:15         Bailey (visited)           IceCv (visited)

Altars:
Ashenzari
Cheibriados
Dithmenos
Elyvilon
Fedhas
Gozag
Hepliaklqana
Kikubaaqudgha
Makhleb
Nemelex Xobeh
Okawaru
Qazlal
Ru
Sif Muna
Trog
Uskayaw
Vehumet
Wu Jian
Xom
Yredelemnul
Zin
The Shining One
Jiyva

Shops:
D:1 =   D:7 !([   D:14 =   Orc:2 **!(:

Portals:
Pandemonium: Orc:2

Annotations:
D:4 1 runed translucent door, Crazy Yiuf
D:12 3 runed translucent doors, Ciraos's ghost, journeyman MiBe; Rupert

#......# ### ### ###.....### #
#......# #.###.###.#......# ##
#......####..............P# #.
#.......##.......^.......##### ##
#......#....#........^....##.###.
#...........##^..................
............##^^..^###...........
#............#^s^^^^###...####.#.
#.............#^8^^###...##......
...............^^s##^....#..#..#.
........P###^^...##^.............
#......#####^^...............8...
.......# #.##^^.^....^.P.........
#......####.#^##...^........#..#.
P......P###..##..........#.......
##............###.#.....#.######.
####......PP## ###P....### ##.


You could see a culicivora and a redback.


Message History

The jumping spider misses you. The redback misses you.
The orb of destruction hits you!!
* * * LOW HITPOINT WARNING * * *
The culicivora misses you.
You are too injured to fight recklessly!
Unknown command.
You are too injured to fight recklessly!
Unknown command.
The liquid fire burns you!
* * * LOW HITPOINT WARNING * * *
The jumping spider pounces on you but does no damage.
The jumping spider misses you. The culicivora completely misses you.
The redback bites you.
* * * LOW HITPOINT WARNING * * *
The jumping spider misses you.
The jumping spider bites you but does no damage.
The culicivora completely misses you. The redback completely misses you.
You shake off some of the fire as you move.
You climb upwards.
Welcome back to the Lair of Beasts!
The liquid fire burns you!
* * * LOW HITPOINT WARNING * * *
There is a hole to the Spider Nest here.
You squash the jumping spider like an ant!!!
You kill the jumping spider!
Cheibriados appreciates the change of pace.
The liquid fire burns you!
* * * LOW HITPOINT WARNING * * *
The redback closely misses you. The culicivora barely misses you.
The redback barely misses you. The culicivora bites you!
You die...

Skill      XL: |  1  2  3  4  5  6  7  8  9 10 11 12 13 14 15 16 |
---------------+-------------------------------------------------+-----
Fighting       | 2 3 4 5 6 8 9 10 11 12 | 12.9
Dodging        | 1 4 5 8 9 10 | 10.1
Stealth        | 5 |  5.0
Throwing       | 2 |  2.0
Short Blades   | 2 |  2.0
Unarmed Combat | 2 4 5 6 8 9 10 11 12 13 | 13.1
Invocations    | 4 7 8 9 |  9.7
Shapeshifting  | 1 5 10 12 15 16 | 16.0
Evocations     | 3 4 |  4.0

Action                     |  1- 3 |  4- 6 |  7- 9 | 10-12 | 13-15 | 16-18 || total
---------------------------+-------+-------+-------+-------+-------+-------++-------
  Melee: Dagger            |   128 |   183 |    42 |       |       |       ||   353
         Bite              |    26 |    60 |   152 |    66 |   260 |   124 ||   688
         Punch             |     1 |     3 |    13 |    11 |    65 |    26 ||   119
         Unarmed           |       |       |   356 |   211 |   743 |   387 ||  1697
  Throw: Dart              |       |    14 |       |       |       |       ||    14
Ability: Begin Untransform |       |       |       |     1 |     5 |       ||     6
  Evoke: Wand              |       |       |       |       |     3 |       ||     3
    Use: Scroll            |       |       |     6 |     1 |    21 |       ||    28
         Potion            |       |       |       |     2 |       |     1 ||     3
   Stab: Sleeping          |     6 |     9 |     8 |     8 |    19 |     5 ||    55
         Distracted        |       |       |     1 |     1 |     5 |     2 ||     9
         Confused          |       |       |       |       |       |     1 ||     1
 Armour: Robe              |    79 |    17 |       |       |       |       ||    96
         Ring mail         |       |    93 |   282 |   177 |   331 |       ||   883
         Skin              |       |       |       |       |   198 |   337 ||   535
  Dodge: Dodged            |    76 |    90 |   228 |   151 |  1169 |   955 ||  2669
   Form: Blade             |       |       |       |     2 |     4 |       ||     6
         Statue            |       |       |       |       |     2 |       ||     2

Levels and vault maps discovered:
D:1:      lemuel_arrival_funnel, layout_basic, serial_shops, shop,
          hangedman_decor_clover_reticule, minmay_pentomino_w4
D:2:      layout_basic
D:3:      layout_basic, eat_drink_and_be_merry_uskayaw, fedhas_altar_1,
          minmay_misc_feat_square, kennysheep_generic_room_2
D:4:      layout_cave_pools, nicolae_yredelemnul_corpse_copse,
          nicolae_dithmenos_through_a_glass_darkly, minmay_temple_entry_grid,
          minmay_ruptured, uniq_crazy_yiuf_cottage
D:5:      layout_basic, nicolae_ru_path_of_blood
D:6:      kennysheep_six_static_rooms, layout_basic,
          mainiacjoe_overflow_catch_the_wave, hangedman_decor_riveting
D:7:      layout_basic, kiku_gazebo_pond_becter, grunt_qazlal_sundering,
          serial_shops, nicolae_shop_stone, nicolae_square_shop,
          nicolae_shop_pleasant_corner_grove
D:8:      layout_rooms
D:9:      layout_roguey, nicolae_elyvilon_peaceful_grove,
          gammafunk_temple_overflow_elements
D:10:     layout_rooms, grunt_temple_overflow_lords_of_destruction,
          erik_lair_island, enter_bailey_2, uniq_harold
D:11:     layout_stronghold, minmay_orc_entry_guard_dogs, serial_ice,
          serial_ice_m, serial_ice_a, serial_ice_e, serial_ice_c
D:12:     layout_basic, gammafunk_ghost_ooze, kennysheep_another_room,
          uniq_nessos, uniq_rupert, uniq_jorgrun, uniq_frances, uniq_urug
D:13:     layout_basic, david_vaults_1, portal_ice_cave_entry_pillars_2
D:14:     layout_irregular_city, nicolae_wwwww, serial_shops,
          nicolae_shop_rolling_square, minivault_7
D:15:     grunt_enter_depths_giant_problem, layout_irregular_city,
          okawaru_ov_weapons_minmay, drop_trap, serial_park_tiny_1
Temple:   hellmonk_temple_forest_ring
Lair:1:   beast_lair_carwin_large_3, layout_hall_layers,
          gammafunk_ghost_cemetery, roderic_batcave
Lair:2:   layout_cellular_growth, spider_nest_entry_webs, serial_bayou_shore_b,
          grunt_megastairs_1, infiniplex_staircase_pool_2
Lair:3:   layout_long_grid, shoals_dummy_entry, lemuel_fruit_tree
Lair:4:   layout_cave_pods, serial_bayou_shore_a, grunt_megastairs_5
Lair:5:   cheibrodos_lair_end_hotspot, layout_gridlike,
          minmay_slime_entry_jelly_boxes
Spider:1: layout_spider_delve, uniq_roxanne
Orc:1:    layout_caves, uniq_snorg
Orc:2:    pf_orc_diabolical, layout_caves, serial_shops, shop, uniq_saint_roka

Notes
Turn   | Place    | Note
-------+----------+-------------------------------------------
     0 | D:1      | FifthPillar the Vine Stalker Brigand began the quest for
                  | the Orb.
     0 | D:1      | Reached XP level 1. HP: 11/11 MP: 2/2
    25 | D:1      | Reached skill level 2 in Fighting
    64 | D:1      | Reached XP level 2. HP: 16/16 MP: 3/3
   230 | D:1      | Reached skill level 3 in Fighting
   271 | D:1      | Reached XP level 3. HP: 15/20 MP: 1/4
   401 | D:1      | Reached skill level 1 in Dodging
   401 | D:1      | Reached skill level 5 in Stealth
   405 | D:1      | Reached skill level 2 in Throwing
   421 | D:1      | Reached skill level 2 in Short Blades
   475 | D:1      | Found Himah's Jewellery Boutique.
   808 | D:2      | Reached XP level 4. HP: 24/24 MP: 5/5
  1057 | D:2      | Identified the +1 ring mail "Keumelat" {Str+3}
  1220 | D:3      | Found a blossoming altar of Fedhas.
  1220 | D:3      | Noticed a scorpion
  1235 | D:3      | Killed a scorpion
  1236 | D:3      | Reached skill level 4 in Fighting
  1236 | D:3      | Reached XP level 5. HP: 30/30 MP: 6/6
  1303 | D:3      | You fall into a shaft and drop 2 floors!
  1303 | D:5      | Entered Level 5 of the Dungeon
  1357 | D:5      | Noticed an ogre
  1437 | D:5      | Killed an ogre
  1438 | D:5      | Reached skill level 5 in Fighting
  1438 | D:5      | Reached skill level 2 in Unarmed Combat
  1438 | D:5      | Reached XP level 6. HP: 35/35 MP: 7/7
  1652 | D:4      | Found a staircase to the Ecumenical Temple.
  1676 | D:5      | Reached skill level 3 in Unarmed Combat
  1894 | D:3      | Found a hide-covered altar of Uskayaw.
  1903 | D:3      | Got the Information on the Missiles
  2750 | Temple   | Entered the Ecumenical Temple
  2758 | Temple   | Became a worshipper of Cheibriados the Contemplative
  2790 | D:4      | Found a basalt altar of Yredelemnul.
  2823 | D:4      | Reached skill level 4 in Unarmed Combat
  2823 | D:4      | Reached XP level 7. HP: 39/39 MP: 6/8
  2856 | D:4      | Reached skill level 1 in Invocations
  2893 | D:4      | Found a runed translucent door.
  2894 | D:4      | Noticed Crazy Yiuf
  3024 | D:4      | Reached skill level 2 in Invocations
  3173 | D:4      | Found a shadowy altar of Dithmenos.
  3442 | D:5      | Reached skill level 5 in Unarmed Combat
  3442 | D:5      | Reached skill level 3 in Invocations
  3470 | D:5      | Reached * piety under Cheibriados
  3533 | D:5      | Reached skill level 4 in Invocations
  3533 | D:5      | Gained mutation: You have razor-sharp teeth. [Vine Stalker
                  | growth]
  3533 | D:5      | Reached XP level 8. HP: 24/43 MP: 6/12
  3812 | D:5      | Found a sacrificial altar of Ru.
  3909 | D:6      | Reached skill level 6 in Fighting
  4103 | D:6      | Reached skill level 6 in Unarmed Combat
  4108 | D:6      | Reached ** piety under Cheibriados
  4444 | D:6      | Reached skill level 1 in Shapeshifting
  4444 | D:6      | Reached XP level 9. HP: 33/49 MP: 6/13
  4788 | D:6      | Found a broken altar of Ashenzari.
  4803 | D:6      | Reached skill level 7 in Unarmed Combat
  4815 | D:6      | Reached skill level 7 in Fighting
  4815 | D:6      | Reached skill level 2 in Shapeshifting
  4955 | D:6      | Found an ornate altar of the Wu Jian Council.
  5283 | D:7      | Reached *** piety under Cheibriados
  5294 | D:7      | Found a stormy altar of Qazlal.
  5298 | D:7      | Reached skill level 3 in Shapeshifting
  5465 | D:7      | Found Ciresizxueri's Distillery.
  5559 | D:7      | Bought a potion of might for 48 gold pieces
  5559 | D:7      | Bought a potion of lignification for 36 gold pieces
  5574 | D:7      | Found an ancient bone altar of Kikubaaqudgha.
  5620 | D:7      | Reached skill level 8 in Unarmed Combat
  5754 | D:7      | Found Lesith's Antique Weapon Shoppe.
  6010 | D:7      | Found Saceos's Armour Shop.
  6016 | D:7      | Bought a +2 cloak for 198 gold pieces
  6281 | D:7      | Identified a potion of resistance
  6337 | D:8      | Reached skill level 8 in Fighting
  6337 | D:8      | Reached skill level 4 in Shapeshifting
  6367 | D:8      | Reached **** piety under Cheibriados
  6503 | D:8      | Reached skill level 5 in Shapeshifting
  6503 | D:8      | Reached XP level 10. HP: 46/56 MP: 14/14
  6924 | D:9      | Reached skill level 6 in Shapeshifting
  6970 | D:9      | Found a white marble altar of Elyvilon.
  7319 | D:9      | Reached skill level 7 in Shapeshifting
  7330 | D:9      | Reached ***** piety under Cheibriados
  7436 | D:9      | Found a sparkling altar of Nemelex Xobeh.
  7436 | D:9      | Found a shimmering blue altar of Sif Muna.
  7777 | D:10     | Entered Level 10 of the Dungeon
  7804 | D:10     | Found a flagged portal.
  7858 | Bailey   | Entered a bailey
  7879 | Bailey   | Noticed an orc warlord
  7913 | Bailey   | Noticed an orc knight
  7919 | Bailey   | Reached skill level 8 in Shapeshifting
  7931 | Bailey   | Killed an orc knight
  7960 | Bailey   | Found a runed translucent gate.
  7963 | Bailey   | Found a runed translucent gate.
  7965 | Bailey   | Found a runed translucent gate.
  8060 | Bailey   | Reached skill level 9 in Fighting
  8060 | Bailey   | Reached skill level 9 in Unarmed Combat
  8060 | Bailey   | Reached skill level 10 in Shapeshifting
  8060 | Bailey   | Reached XP level 11. HP: 62/62 MP: 15/15
  8081 | Bailey   | Killed an orc warlord
  8135 | Bailey   | Reached skill level 10 in Fighting
  8135 | Bailey   | Reached skill level 4 in Dodging
  8135 | Bailey   | Reached skill level 10 in Unarmed Combat
  8135 | Bailey   | Reached XP level 12. HP: 68/68 MP: 16/16
  8237 | Bailey   | Got Ameixkeq's Cyclopedia of Contaminated Topology
  8246 | Bailey   | Identified the +5 spear "Jevveull" {pain, Int+3 SInv}
  8345 | D:10     | Noticed a two-headed ogre
  8357 | D:10     | Killed a two-headed ogre
  8358 | D:10     | Reached skill level 5 in Dodging
  8412 | D:10     | Reached XP level 13. HP: 63/72 MP: 13/17
  8447 | D:10     | Found a burning altar of Makhleb.
  8447 | D:10     | Found a radiant altar of Vehumet.
  8512 | D:10     | Reached skill level 6 in Dodging
  8643 | D:10     | Identified the +0 robe of Protective Custody {Str+3}
  8647 | D:10     | Noticed Harold
  8665 | D:10     | Killed Harold
  8712 | D:10     | Found a staircase to the Lair.
  8876 | D:11     | Reached skill level 7 in Dodging
  9031 | D:11     | Reached ****** piety under Cheibriados
  9045 | D:11     | Reached skill level 11 in Unarmed Combat
  9560 | D:11     | Found a staircase to the Orcish Mines.
  9731 | D:12     | Noticed Nessos
  9733 | D:12     | Killed Nessos
  9763 | D:12     | Found a runed translucent gate.
  9763 | D:12     | Found a runed translucent gate.
  9764 | D:12     | Found a runed translucent gate.
  9769 | D:12     | Noticed an azure jelly
  9769 | D:12     | Noticed an acid blob
  9771 | D:12     | Noticed Ciraos's ghost (journeyman MiBe)
  9771 | D:12     | Noticed an azure jelly
  9771 | D:12     | Noticed an acid blob
  9771 | D:12     | Noticed an acid blob
  9772 | D:12     | Noticed a great orb of eyes
  9772 | D:12     | Noticed an azure jelly
  9772 | D:12     | Noticed an acid blob
  9772 | D:12     | Noticed a quicksilver ooze
  9774 | D:12     | Noticed Urug
  9783 | D:12     | Killed Urug
  9784 | D:12     | Reached skill level 1 in Evocations
  9826 | D:12     | Found a viscous altar of Jiyva.
  9826 | D:12     | Noticed an acid blob
  9826 | D:12     | Noticed an azure jelly
 10007 | D:12     | Reached skill level 11 in Fighting
 10119 | D:12     | Noticed Frances
 10132 | D:12     | Killed Frances
 10133 | D:12     | Reached skill level 2 in Evocations
 10271 | D:12     | Noticed Jorgrun
 10281 | D:12     | Killed Jorgrun
 10682 | D:12     | Noticed Rupert
 11104 | Lair:1   | Entered Level 1 of the Lair of Beasts
 11112 | Lair:1   | Reached skill level 3 in Evocations
 11119 | Lair:1   | Reached skill level 8 in Dodging
 11431 | Lair:1   | Reached XP level 14. HP: 79/79 MP: 18/18
 11544 | Lair:1   | Found a runed translucent gate.
 11547 | Lair:1   | Identified the blade talisman of Pejipenk {rN+ SInv Stlth-}
 11562 | Lair:1   | Found a runed translucent gate.
 11562 | Lair:1   | Found a runed translucent gate.
 11563 | Lair:1   | Noticed Zuabuvoj's ghost (journeyman TrFi)
 11564 | Lair:1   | Noticed Luas's ghost (novice TeFE)
 11564 | Lair:1   | Noticed Bukhlaj's ghost (journeyman HOFi)
 11564 | Lair:1   | Noticed Long's ghost (journeyman DsEE)
 12096 | Lair:2   | Reached skill level 4 in Evocations
 12114 | Lair:2   | Reached skill level 11 in Shapeshifting
 12216 | Lair:2   | Found a hole to the Spider Nest.
 12592 | Lair:2   | Identified the +1 ring mail of Thoughtfulness {Fly rCorr}
 12603 | Lair:2   | Reached skill level 5 in Invocations
 12971 | Lair:3   | Reached skill level 12 in Unarmed Combat
 13465 | Lair:3   | Found a staircase to the Shoals.
 14042 | Lair:4   | Reached skill level 6 in Invocations
 14400 | D:1      | Bought a granite talisman for 660 gold pieces
 14873 | Lair:4   | Reached skill level 12 in Fighting
 14873 | Lair:4   | Reached skill level 9 in Dodging
 15177 | Lair:5   | Entered Level 5 of the Lair of Beasts
 15382 | Lair:5   | Reached skill level 7 in Invocations
 15421 | Lair:5   | Reached skill level 12 in Shapeshifting
 15466 | Lair:5   | Reached XP level 15. HP: 73/84 MP: 18/21
 15492 | Lair:5   | Found a staircase to the Slime Pits.
 15493 | Lair:5   | Found a viscous altar of Jiyva.
 15671 | Lair:5   | Reached skill level 8 in Invocations
 15922 | Lair:5   | Reached skill level 13 in Shapeshifting
 16160 | Lair:5   | Found a large runed translucent door.
 16161 | Lair:5   | Found a large runed translucent door.
 16761 | Lair:1   | Killed Bukhlaj's ghost
 16762 | Lair:1   | Reached skill level 14 in Shapeshifting
 16763 | Lair:1   | Killed Luas's ghost
 16767 | Lair:1   | Killed Zuabuvoj's ghost
 16774 | Lair:1   | Killed Long's ghost
 16801 | Lair:1   | Identified the +7 quick blade of Guile {drain, Str+2}
 16924 | D:13     | Found a frozen archway.
 16945 | IceCv    | Entered an ice cave
 17083 | IceCv    | Found the +5 Storm Queen's Shield {shock, Fly rElec}
 17440 | IceCv    | Identified a +2 crystal plate armour of cold resistance
 17723 | IceCv    | Identified a +1 leather armour of resistance
 18134 | D:13     | Reached skill level 15 in Shapeshifting
 18321 | D:13     | Found a gate to the Vaults.
 18597 | D:14     | Reached XP level 16. HP: 88/88 MP: 23/23
 18644 | D:14     | Found Xatupt's Jewellery Shop.
 18741 | D:14     | Identified the +3 rapier of Res Judicata {spect, *Rage
                  | rElec Int+2 Dex+3}
 18874 | D:14     | Reached skill level 16 in Shapeshifting
 19223 | D:15     | Entered Level 15 of the Dungeon
 19298 | D:15     | Found a staircase to the Depths.
 19603 | D:15     | Found an iron altar of Okawaru.
 19899 | Orc:1    | Entered Level 1 of the Orcish Mines
 19940 | Orc:1    | Noticed Snorg
 19954 | Orc:1    | Killed Snorg
 20212 | Orc:2    | Entered Level 2 of the Orcish Mines
 20227 | Orc:2    | Found Ahef's Assorted Antiques.
 20342 | Orc:2    | Noticed Saint Roka
 20360 | Orc:2    | Killed Saint Roka
 20367 | Orc:2    | Reached skill level 9 in Invocations
 20509 | Orc:2    | Found Zidwuan's Distillery.
 20532 | Orc:2    | Found Girup's General Store.
 20625 | Orc:2    | Found a staircase to the Elven Halls.
 20927 | Orc:2    | Identified a +0 robe of resistance
 21020 | Orc:2    | Reached skill level 10 in Dodging
 21022 | Orc:2    | Reached skill level 13 in Unarmed Combat
 21033 | Orc:2    | Found Xushraju's Book Shop.
 21033 | Orc:2    | Found a one-way gate leading to the halls of Pandemonium.
 21033 | Orc:2    | Found Atiguo's Antique Weapon Boutique.
 21261 | Spider:1 | Entered Level 1 of the Spider Nest
 21390 | Lair:2   | HP: 5/117 [burnt (14)]
 21390 | Lair:2   | Mangled by a culicivora

Vanquished Creatures
  Saint Roka (Orc:2)
  Jorgrun (D:12)
  Frances (D:12)
  A reaper (IceCv)
  An orc warlord (Bailey)
  A stone giant (D:15)
  Nessos (D:12)
  Snorg (Orc:1)
  The ghost of Bukhlaj the Cleaver, a journeyman HOFi of Beogh (Lair:1)
  The ghost of Zuabuvoj the Brawler, a journeyman TrFi of Wu Jian (Lair:1)
  An entropy weaver (shapeshifter) (D:13)
  The ghost of Long the Thaumaturge, a journeyman DsEE of Dithmenos (Lair:1)
  Harold (D:10)
  6 hydras
  2 demonspawn (Orc:2)
  2 centaur warriors
  2 boulder beetles
  3 two-headed ogres
  2 hell hogs (Lair:5)
  A tengu warrior (D:13)
  5 death yaks (Lair:5)
  Urug (D:12)
  4 orc high priests (Orc:2)
  The ghost of Luas the Destroyer, a novice TeFE of Vehumet (Lair:1)
  2 sixfirhies (Orc:2)
  An arcanist (D:13)
  4 skeletal warriors (D:14)
  2 sun moths (Spider:1)
  A lindwurm (Lair:5)
  9 orc knights
  3 deep elf pyromancers
  9 orc sorcerers
  2 wolf spiders (Spider:1)
  14 ugly things
  3 cyclopes
  3 manticores (D:11)
  3 meliai (D:14)
  22 elephants
  7 black mambas
  3 kobold blastminers (Orc:2)
  An ice statue (IceCv)
  A smoke demon (Orc:2)
  3 molten gargoyles (Lair:5)
  13 cane toads
  An unseen horror (D:12)
  4 rime drakes
  A kobold demonologist (D:12)
  10 komodo dragons
  3 anaconda simulacra (IceCv)
  A tengu conjurer (D:14)
  2 red devils (Orc:2)
  13 trolls
  2 polar bears
  A queen bee (D:14)
  34 blink frogs
  A hornet (D:11)
  9 slime creatures
  7 dream sheep (Lair:4)
  3 jumping spiders
  2 wraiths
  3 basilisks
  2 culicivoras (Spider:1)
  A wyvern (shapeshifter) (D:15)
  9 wyverns
  5 wargs
  25 yaks
  2 dire elephant simulacra (IceCv)
  5 steam dragons
  9 vampire mosquitoes
  10 redbacks
  A death yak simulacrum (IceCv)
  An acid dragon (D:11)
  5 water moccasins
  4 hell hounds (Lair:5)
  39 orc warriors
  A sky beast (D:6)
  An ice beast (D:11)
  A black bear (shapeshifter) (D:15)
  2 black bears
  5 ogres
  20 wolves
  13 centaurs
  A phantom (D:6)
  4 kobold brigands
  16 bullfrogs
  3 gnoll sergeants
  4 scorpions
  3 cane toad simulacra (IceCv)
  8 two-headed ogre simulacra (IceCv)
  4 wights (D:7)
  3 elephant simulacra (IceCv)
  33 killer bees
  5 howler monkeys
  A crimson imp (D:10)
  3 electric eels
  4 lava snakes (Lair:5)
  12 hounds
  19 jellies
  23 orc priests
  3 gnoll boudas
  4 sleepcaps
  2 scorpion zombies (D:4)
  17 orc wizards
  7 spriggan simulacra (IceCv)
  2 polar bear simulacra (IceCv)
  6 troll simulacra (IceCv)
  4 wolf simulacra (IceCv)
  6 adders
  21 gnolls
  8 naga simulacra (IceCv)
  A shadow imp (D:5)
  4 white imps
  4 ufetubi (IceCv)
  2 adder zombies (D:4)
  3 dart slugs
  2 ribbon worms
  67 orcs
  6 ball pythons
  15 bats
  12 endoplasms
  5 giant cockroaches (D:1)
  11 goblins
  5 hobgoblins
  7 jackals
  5 quokkas
  5 frilled lizards
  43 kobolds
  9 rats
838 creatures vanquished.

Vanquished Creatures (others)
  An orc wizard (Orc:2)
  An orc (Orc:2)
2 creatures vanquished.

Grand Total: 840 creatures vanquished

Table legend: (Time is in decaauts)
 A = Elapsed time spent in this place.
 B = Non-inter-level travel time spent in this place.
 C = Inter-level travel time spent in this place.
 D = Time resting spent in this place.
 E = Time spent auto-exploring this place.
 F = Levels seen in this place.
 G = Mean time per level.
                   A        B        C        D        E       F      G
               +--------+--------+--------+--------+--------+-----+--------+
         Total |  37513 |  34521 |   2992 |   2189 |  26064 |  26 | 1442.8 |
       Dungeon |  20894 |  19049 |   1845 |   1048 |  14671 |  15 | 1392.9 |
        Temple |     18 |      8 |     10 |      0 |      0 |   1 |   18.0 |
          Lair |  10294 |   9257 |   1037 |    407 |   7361 |   5 | 2058.8 |
   Spider Nest |    187 |    186 |      1 |    133 |      0 |   1 |  187.0 |
  Orcish Mines |   2996 |   2897 |     99 |    279 |   1941 |   2 | 1498.0 |
        Bailey |    624 |    624 |      0 |    149 |    244 |   1 |  624.0 |
      Ice Cave |   2497 |   2497 |      0 |    172 |   1845 |   1 | 2497.0 |
               +--------+--------+--------+--------+--------+-----+--------+

Top non-repeatable levels by time:
  Lair:5: 2894 daAuts
    D:12: 2590 daAuts
   IceCv: 2497 daAuts
   Orc:2: 2189 daAuts
  Lair:4: 2139 daAuts
  Lair:1: 2064 daAuts
    D:14: 1942 daAuts
     D:6: 1815 daAuts
    D:11: 1720 daAuts
  Lair:2: 1718 daAuts
    D:13: 1690 daAuts
     D:7: 1580 daAuts
    D:15: 1570 daAuts
  Lair:3: 1477 daAuts
     D:9: 1471 daAuts

Table legend:
 A = Non-vault XP
 B = Vault XP
 C = Vault XP percentage of total XP
 D = Non-vault monster count
 E = Vault monster count
 F = Vault count percentage of total count
                 A         B        C        D         E       F
            +---------+---------+-------+---------+---------+-------
      Total |   99687 |   60105 |  37.6 |     541 |     297 |  35.4
            +---------+---------+-------+---------+---------+-------
        D:1 |      52 |      13 |  20.0 |      32 |       8 |  20.0
        D:2 |      60 |       0 |   0.0 |      20 |       0 |   0.0
        D:3 |     116 |       3 |   2.5 |      13 |       3 |  18.8
        D:4 |     195 |     209 |  51.7 |      13 |       8 |  38.1
        D:5 |     838 |       0 |   0.0 |      28 |       0 |   0.0
        D:6 |    1265 |     261 |  17.1 |      27 |       6 |  18.2
        D:7 |    1185 |       0 |   0.0 |      31 |       0 |   0.0
        D:8 |     800 |       0 |   0.0 |      13 |       0 |   0.0
        D:9 |    2011 |       0 |   0.0 |      41 |       0 |   0.0
       D:10 |    2422 |    1805 |  42.7 |      13 |      11 |  45.8
       D:11 |    7206 |     942 |  11.6 |      26 |       6 |  18.8
       D:12 |    1930 |    5270 |  73.2 |       5 |       4 |  44.4
       D:13 |    8881 |    3774 |  29.8 |      25 |       8 |  24.2
       D:14 |    7326 |    2595 |  26.2 |      15 |      18 |  54.5
       D:15 |   11513 |    1106 |   8.8 |      36 |       1 |   2.7
     Lair:1 |    5117 |    4393 |  46.2 |      20 |      19 |  48.7
     Lair:2 |    5344 |    1812 |  25.3 |      20 |       7 |  25.9
     Lair:3 |    5180 |       0 |   0.0 |      15 |       0 |   0.0
     Lair:4 |    8932 |     299 |   3.2 |      29 |       2 |   6.5
     Lair:5 |   19198 |    8655 |  31.1 |      46 |      42 |  47.7
   Spider:1 |    4726 |       0 |   0.0 |      15 |       0 |   0.0
      Orc:1 |    2570 |     970 |  27.4 |      28 |       1 |   3.4
      Orc:2 |    2820 |   20937 |  88.1 |      30 |      75 |  71.4
     Bailey |       0 |    2062 | 100.0 |       0 |      22 | 100.0
      IceCv |       0 |    4999 | 100.0 |       0 |      56 | 100.0
            +---------+---------+-------+---------+---------+-------
